cohdb
Replays
Latest Replays
All Replays
Popular Replays
Top Player Replays
Match Explorer
How It Works
Community
CoH3 Stats
Reddit
Sign in to upload your games and track your stats! →
Sign in with Steam
Match 42889721
Unlisted
Match 42889721
Overview
Messages
Build Orders
End
Construct Weapon Support Center
Scout Squad
Selects Airborne Battlegroup
Selects Pathfinders
Pathfinder Squad
M1919 Machine Gun Team
Construct Barracks
Selects Paratrooper Squad Paradrop
Paratrooper Squad Paradrop
Five
Ludwigz
BUBBA_ACTUAL
JollyRedRockett
0
0
Comments
sign in to comment!
No comments posted yet!